 Dungeon Crawl Stone Soup version 0.21.1-1-g345015f (webtiles) character file.

8251 infcreate the Cleaver (level 11, -9/145 HPs)
             Began as a Minotaur Fighter on May 18, 2018.
             Was an Elder of Trog.
             Mangled by a large abomination (22 damage)
             ... on level 2 of the Abyss on May 19, 2018.
             The game lasted 00:44:39 (7914 turns).

infcreate the Cleaver (Minotaur Fighter)            Turns: 7914, Time: 00:44:39

Health: -9/145     AC: 15    Str: 32    XL:     11   Next: 7%
Magic:  6/10       EV:  8    Int:  5    God:    Trog [****..]
Gold:   232        SH: 13    Dex: 10    Spells: 10/10 levels left

rFire    . . .     SeeInvis .   a - +0 war axe
rCold    . . .     Gourm    .   c - +0 shield
rNeg     . . .     Faith    .   t - +1 plate armour
rPois    .         Spirit   .   (helmet restricted)
rElec    .         Reflect  .   (no cloak)
rCorr    .         Harm     .   (no gloves)
MR       .....                  (no boots)
Stlth    ..........             k - amulet of regeneration
HPRegen  0.74/turn              D - +3 ring of strength
MPRegen  0.12/turn              u - ring of stealth

@: berserking, slowed
A: retaliatory headbutt, horns 2
a: Berserk, Trog's Hand, Brothers in Arms, Burn Spellbooks, Renounce Religion


You were on level 2 of the Abyss.
You worshipped Trog.
Trog was greatly pleased with you.
You were hungry.

You visited 2 branches of the dungeon, and saw 11 of its levels.
You visited the Abyss 1 time.

You collected 483 gold pieces.
You spent 251 gold pieces at shops.

Inventory:

Hand Weapons
 a - a +0 war axe (weapon)
Armour
 c - a +0 shield (worn)
 t - a +1 plate armour (worn)
Jewellery
 k - an amulet of regeneration (around neck)
 u - a ring of stealth (right hand)
 y - an uncursed ring of positive energy {unknown}
 D - a +3 ring of strength (left hand)
Scrolls
 b - 3 scrolls of enchant armour
 e - a scroll of fear
 g - 2 scrolls of remove curse {unknown}
 h - 2 scrolls of blinking {unknown}
 i - 6 scrolls of identify
 l - 5 scrolls of teleportation {unknown}
 n - a scroll of amnesia {unknown}
 p - 3 scrolls of random uselessness {unknown}
 r - 3 scrolls of fog {unknown}
 s - 5 scrolls of magic mapping
 v - 2 scrolls of enchant weapon {unknown}
 w - a scroll of summoning
Potions
 d - a potion of might
 j - 6 potions of curing
 m - a potion of invisibility
 o - 2 potions of berserk rage
 q - a potion of heal wounds
 x - 2 potions of magic {unknown}
 z - a potion of flight {unknown}
 A - a potion of degeneration {unknown}
 B - a potion of ambrosia {unknown}
 E - a potion of mutation {unknown}
Comestibles
 f - 21 rations


   Skills:
 + Level 9.1 Fighting
 + Level 12.6 Axes
 + Level 10.1 Armour
 + Level 2.1 Dodging
 + Level 10.4 Shields


You had 10 spell levels left.
You didn't know any spells.

Dungeon Overview and Level Annotations

Branches:
Dungeon (10/15)            Temple (1/1) D:7
   Lair: D:8-11         Orc: D:9-12

Altars:
Ashenzari
Cheibriados
Dithmenos
Elyvilon
Fedhas
Gozag
Hepliaklqana
Kikubaaqudgha
Makhleb
Nemelex Xobeh
Okawaru
Qazlal
Ru
Sif Muna
Trog
Uskayaw
Vehumet
Wu Jian
Xom
Yredelemnul
Zin
The Shining One

Shops:
D:7 =

Annotations:
D:10 Sonja


Innate Abilities, Weirdness & Mutations

You reflexively headbutt those who attack you in melee.
You have a pair of horns on your head.


Message History

The apocalypse crab barely misses you.
The apocalypse crab claws you but does no damage.
The wraith hits you but does no damage.
You bump into the rock wall.
The golden eye blinks at you. You resist with almost no effort.
The apocalypse crab bites you but does no damage.
The apocalypse crab claws you but does no damage.
The large abomination hits you but does no damage.
The wraith hits you.
* * * LOW HITPOINT WARNING * * *
You bump into the rock wall.
You feel a strong urge to attack something.
You feel less confused.
The apocalypse crab completely misses you.
The apocalypse crab claws you.
* * * LOW HITPOINT WARNING * * *
You feel your power leaking away. The wraith barely misses you.
The large abomination hits you!!
You die... .. ... .PP..... .....P PPP......

....PPP∩P..P.#
###P.PPPP{..#
#...5P..PPG.#
##.........P# #
##..P..XG..#..#
#.....WXt...# #
##.####@## ###
## #.# #.#.#
#.. #..# # .
##_# .# .. #...
. #


You could see an apocalypse crab, a thrashing horror, a large abomination, a
wraith, 2 golden eyes and a white imp.

Vanquished Creatures
  Snorg (D:10)
  2 two-headed ogres (D:9)
  A merfolk (D:9)
  2 trolls (D:9)
  A large abomination (Abyss:2)
  Grinder (D:4)
  A hippogriff (D:8)
  Sigmund (D:4)
  A wyvern (D:9)
  Eustachio (D:4)
  A wraith (D:10)
  A hungry ghost (D:9)
  Grum (D:10)
  4 orc warriors
  3 sky beasts
  3 ice beasts
  3 black bears
  3 wolves (D:10)
  6 ogres
  A centaur (D:8)
  2 big kobolds
  A gnoll sergeant (D:7)
  2 bullfrogs
  Blork the orc (D:7)
  5 scorpions
  A killer bee (D:6)
  A howler monkey (D:5)
  5 crimson imps
  A bullfrog zombie (D:9)
  The ghost of bmj180 the Digger, a weakling GrEE (D:3)
  2 hounds
  2 jellies
  5 orc priests
  2 orc wizards (D:6)
  A bullfrog skeleton (D:10)
  Terence (D:2)
  Natasha (thrice) (D:3 D:6)
  2 iguanas
  16 worker ants
  A hound skeleton (D:6)
  A worker ant zombie (D:6)
  7 gnolls
  7 adders
  2 shadow imps
  2 adder skeletons
  2 adder zombies
  5 worms
  2 dart slugs
  10 leopard geckos
  29 orcs
  A ball python (D:4)
  5 giant cockroaches
  4 goblins
  8 hobgoblins
  25 kobolds
  3 quokkas
  3 bats
  3 frilled lizards (D:1)
  A quokka skeleton (D:7)
  7 rats
  A butterfly (D:6)
  A demonic plant (Abyss:2)
222 creatures vanquished.

Vanquished Creatures (others)
  A frilled lizard (D:5)
1 creature vanquished.

Grand Total: 223 creatures vanquished

Notes
Turn   | Place    | Note
-------+----------+-------------------------------------------
     0 | D:1      | infcreate the Minotaur Fighter began the quest for the Orb.
     0 | D:1      | Reached XP level 1. HP: 19/19 MP: 0/0
   105 | D:1      | Reached XP level 2. HP: 23/27 MP: 1/1
   400 | D:1      | Reached XP level 3. HP: 33/33 MP: 2/2
   424 | D:1      | Found a sparkling altar of Nemelex Xobeh.
   638 | D:2      | Noticed Terence
   640 | D:2      | Killed Terence
   640 | D:2      | Reached skill level 3 in Axes
   763 | D:2      | Reached XP level 4. HP: 40/40 MP: 3/3
  1245 | D:2      | Noticed a moth of wrath
  1247 | D:2      | Found a bloodstained altar of Trog.
  1456 | D:2      | Became a worshipper of Trog the Wrathful
  1479 | D:2      | Reached skill level 4 in Axes
  1628 | D:2      | Reached XP level 5. HP: 47/47 MP: 4/4
  1820 | D:3      | Reached skill level 1 in Dodging
  1878 | D:3      | Found a faded altar of an unknown god.
  1963 | D:3      | Noticed bmj180's ghost (weakling GrEE)
  1979 | D:3      | Killed bmj180's ghost
  2080 | D:3      | Noticed Natasha
  2087 | D:3      | Killed Natasha
  2417 | D:3      | Noticed Natasha
  2435 | D:3      | Killed Natasha
  2435 | D:3      | Reached skill level 5 in Axes
  2435 | D:3      | Reached skill level 5 in Shields
  2435 | D:3      | Reached XP level 6. HP: 39/53 MP: 5/5
  2537 | D:3      | You fall through a shaft for 3 floors!
  2544 | D:5      | Entered Level 5 of the Dungeon
  2557 | D:5      | Reached * piety under Trog
  2659 | D:5      | Found a white marble altar of Elyvilon.
  2712 | D:5      | Reached skill level 5 in Armour
  2722 | D:5      | Reached skill level 5 in Fighting
  2730 | D:5      | Reached XP level 7. HP: 48/61 MP: 6/6
  2740 | D:5      | Reached skill level 6 in Axes
  2863 | D:4      | Noticed Grinder
  2885 | D:4      | Killed Grinder
  2976 | D:4      | Found a radiant altar of Vehumet.
  3012 | D:4      | Found a stormy altar of Qazlal.
  3060 | D:4      | Noticed Eustachio
  3083 | D:4      | Killed Eustachio
  3180 | D:4      | Reached skill level 7 in Axes
  3180 | D:4      | Reached XP level 8. HP: 69/69 MP: 7/7
  3197 | D:4      | Noticed Sigmund
  3207 | D:4      | Killed Sigmund
  3292 | D:5      | Reached ** piety under Trog
  3815 | D:6      | Found a deep blue altar of Sif Muna.
  3952 | D:6      | Noticed Natasha
  3969 | D:6      | Killed Natasha
  4027 | D:6      | Reached skill level 8 in Axes
  4529 | D:6      | Found a runed door.
  4532 | D:6      | Found a runed door.
  4745 | D:7      | Found a staircase to the Ecumenical Temple.
  4764 | D:7      | Reached XP level 9. HP: 78/78 MP: 8/8
  4775 | Temple   | Entered the Ecumenical Temple
  5117 | D:7      | Reached *** piety under Trog
  5123 | D:7      | Reached skill level 9 in Axes
  5140 | D:7      | Found Uheum's Jewellery Shop.
  5148 | D:7      | Noticed Blork the orc
  5178 | D:7      | Killed Blork the orc
  5187 | D:7      | Bought a +3 ring of strength for 251 gold pieces
  5321 | D:7      | Found a glowing silver altar of Zin.
  5685 | D:8      | Reached skill level 10 in Axes
  5749 | D:8      | Found a hide-covered altar of Uskayaw.
  5950 | D:8      | Found an iron altar of Okawaru.
  6094 | D:8      | Reached **** piety under Trog
  6569 | D:9      | Reached skill level 11 in Axes
  6569 | D:9      | Reached XP level 10. HP: 72/88 MP: 9/9
  6661 | D:9      | Noticed a two-headed ogre
  6671 | D:9      | Killed a two-headed ogre
  6675 | D:9      | Found a snail-covered altar of Cheibriados.
  6808 | D:9      | Noticed a two-headed ogre
  6820 | D:9      | Killed a two-headed ogre
  7106 | D:9      | Reached skill level 12 in Axes
  7232 | D:10     | Entered Level 10 of the Dungeon
  7286 | D:10     | Noticed Grum
  7319 | D:10     | Killed Grum
  7319 | D:10     | Reached skill level 10 in Shields
  7359 | D:10     | Noticed Snorg
  7372 | D:10     | Killed Snorg
  7372 | D:10     | Reached skill level 10 in Armour
  7635 | D:10     | Reached XP level 11. HP: 95/95 MP: 10/10
  7788 | D:10     | Noticed Sonja
  7801 | D:10     | Cast into level 2 of the Abyss (Sonja)
  7801 | Abyss:2  | Found a corrupted altar of Lugonu.
  7900 | Abyss:2  | Found a corrupted altar of Lugonu.
  7905 | Abyss:2  | Noticed a thrashing horror
  7914 | Abyss:2  | Mangled by a large abomination

Skill      XL: |  1  2  3  4  5  6  7  8  9 10 11 |
---------------+----------------------------------+-----
Armour         | 4 5 6 7 8 10 | 10.1
Shields        | 4 5 6 7 9 10 | 10.4
Fighting       | 4 5 6 7 8 9 |  9.1
Axes           | 3 4 5 7 8 11 12 | 12.6
Dodging        | 1 2 |  2.1

Action                   |  1- 3 |  4- 6 |  7- 9 | 10-12 || total
-------------------------+-------+-------+-------+-------++-------
Melee: War axe           |    71 |   160 |   393 |   170 ||   794
       Headbutt          |    10 |    25 |    69 |    35 ||   139
       Unarmed           |       |     3 |     1 |       ||     4
Invok: Burn Spellbooks   |       |       |     2 |     2 ||     4
       Berserk           |       |       |     1 |     1 ||     2
  Use: Scroll            |       |       |     9 |       ||     9
       Potion            |       |       |     1 |       ||     1
  Eat: Chunk             |       |     6 |    10 |     4 ||    20
       Ration            |       |       |     1 |     1 ||     2
Armor: Scale mail        |    29 |    25 |       |       ||    54
       Plate armour      |       |    38 |   207 |    70 ||   315
Dodge: Dodged            |    18 |    33 |    78 |    43 ||   172
Block: Shield            |    35 |    90 |   230 |   104 ||   459
